%YAML 1.1
%TAG !u! tag:unity3d.com,2011:
--- !u!1 &3514644537974175922
GameObject:
  m_ObjectHideFlags: 0
  m_CorrespondingSourceObject: {fileID: 0}
  m_PrefabInstance: {fileID: 0}
  m_PrefabAsset: {fileID: 0}
  serializedVersion: 6
  m_Component:
  - component: {fileID: 3514644537974175923}
  m_Layer: 0
  m_Name: Frame
  m_TagString: Untagged
  m_Icon: {fileID: 0}
  m_NavMeshLayer: 0
  m_StaticEditorFlags: 0
  m_IsActive: 1
--- !u!224 &3514644537974175923
RectTransform:
  m_ObjectHideFlags: 0
  m_CorrespondingSourceObject: {fileID: 0}
  m_PrefabInstance: {fileID: 0}
  m_PrefabAsset: {fileID: 0}
  m_GameObject: {fileID: 3514644537974175922}
  m_LocalRotation: {x: -0, y: -0, z: -0, w: 1}
  m_LocalPosition: {x: 0, y: 0, z: 0}
  m_LocalScale: {x: 1, y: 1, z: 1}
  m_Children:
  - {fileID: 9196790245050794164}
  - {fileID: 9196790245843912070}
  - {fileID: 9196790245065678959}
  - {fileID: 9196790243843403196}
  m_Father: {fileID: 0}
  m_RootOrder: 0
  m_LocalEulerAnglesHint: {x: 0, y: 0, z: 0}
  m_AnchorMin: {x: 0, y: 0}
  m_AnchorMax: {x: 1, y: 1}
  m_AnchoredPosition: {x: 0, y: 0}
  m_SizeDelta: {x: -20, y: -50}
  m_Pivot: {x: 0.5, y: 0.5}
--- !u!1001 &3514644536377623650
PrefabInstance:
  m_ObjectHideFlags: 0
  serializedVersion: 2
  m_Modification:
    m_TransformParent: {fileID: 3514644537974175923}
    m_Modifications:
    - target: {fileID: 5721566683363944926, guid: 2a4ce98b11c771442888bc9fcc1810a9,
        type: 3}
      propertyPath: m_Pivot.x
      value: 0.5
      objectReference: {fileID: 0}
    - target: {fileID: 5721566683363944926, guid: 2a4ce98b11c771442888bc9fcc1810a9,
        type: 3}
      propertyPath: m_Pivot.y
      value: 0
      objectReference: {fileID: 0}
    - target: {fileID: 5721566683363944926, guid: 2a4ce98b11c771442888bc9fcc1810a9,
        type: 3}
      propertyPath: m_RootOrder
      value: 3
      objectReference: {fileID: 0}
    - target: {fileID: 5721566683363944926, guid: 2a4ce98b11c771442888bc9fcc1810a9,
        type: 3}
      propertyPath: m_AnchorMax.x
      value: 1
      objectReference: {fileID: 0}
    - target: {fileID: 5721566683363944926, guid: 2a4ce98b11c771442888bc9fcc1810a9,
        type: 3}
      propertyPath: m_AnchorMax.y
      value: 0
      objectReference: {fileID: 0}
    - target: {fileID: 5721566683363944926, guid: 2a4ce98b11c771442888bc9fcc1810a9,
        type: 3}
      propertyPath: m_AnchorMin.x
      value: 0
      objectReference: {fileID: 0}
    - target: {fileID: 5721566683363944926, guid: 2a4ce98b11c771442888bc9fcc1810a9,
        type: 3}
      propertyPath: m_AnchorMin.y
      value: 0
      objectReference: {fileID: 0}
    - target: {fileID: 5721566683363944926, guid: 2a4ce98b11c771442888bc9fcc1810a9,
        type: 3}
      propertyPath: m_SizeDelta.x
      value: 4
      objectReference: {fileID: 0}
    - target: {fileID: 5721566683363944926, guid: 2a4ce98b11c771442888bc9fcc1810a9,
        type: 3}
      propertyPath: m_SizeDelta.y
      value: 2
      objectReference: {fileID: 0}
    - target: {fileID: 5721566683363944926, guid: 2a4ce98b11c771442888bc9fcc1810a9,
        type: 3}
      propertyPath: m_LocalPosition.x
      value: 0
      objectReference: {fileID: 0}
    - target: {fileID: 5721566683363944926, guid: 2a4ce98b11c771442888bc9fcc1810a9,
        type: 3}
      propertyPath: m_LocalPosition.y
      value: 0
      objectReference: {fileID: 0}
    - target: {fileID: 5721566683363944926, guid: 2a4ce98b11c771442888bc9fcc1810a9,
        type: 3}
      propertyPath: m_LocalPosition.z
      value: 0
      objectReference: {fileID: 0}
    - target: {fileID: 5721566683363944926, guid: 2a4ce98b11c771442888bc9fcc1810a9,
        type: 3}
      propertyPath: m_LocalRotation.w
      value: 1
      objectReference: {fileID: 0}
    - target: {fileID: 5721566683363944926, guid: 2a4ce98b11c771442888bc9fcc1810a9,
        type: 3}
      propertyPath: m_LocalRotation.x
      value: -0
      objectReference: {fileID: 0}
    - target: {fileID: 5721566683363944926, guid: 2a4ce98b11c771442888bc9fcc1810a9,
        type: 3}
      propertyPath: m_LocalRotation.y
      value: -0
      objectReference: {fileID: 0}
    - target: {fileID: 5721566683363944926, guid: 2a4ce98b11c771442888bc9fcc1810a9,
        type: 3}
      propertyPath: m_LocalRotation.z
      value: -0
      objectReference: {fileID: 0}
    - target: {fileID: 5721566683363944926, guid: 2a4ce98b11c771442888bc9fcc1810a9,
        type: 3}
      propertyPath: m_AnchoredPosition.x
      value: 0
      objectReference: {fileID: 0}
    - target: {fileID: 5721566683363944926, guid: 2a4ce98b11c771442888bc9fcc1810a9,
        type: 3}
      propertyPath: m_AnchoredPosition.y
      value: -2
      objectReference: {fileID: 0}
    - target: {fileID: 5721566683363944926, guid: 2a4ce98b11c771442888bc9fcc1810a9,
        type: 3}
      propertyPath: m_LocalEulerAnglesHint.x
      value: 0
      objectReference: {fileID: 0}
    - target: {fileID: 5721566683363944926, guid: 2a4ce98b11c771442888bc9fcc1810a9,
        type: 3}
      propertyPath: m_LocalEulerAnglesHint.y
      value: 0
      objectReference: {fileID: 0}
    - target: {fileID: 5721566683363944926, guid: 2a4ce98b11c771442888bc9fcc1810a9,
        type: 3}
      propertyPath: m_LocalEulerAnglesHint.z
      value: 0
      objectReference: {fileID: 0}
    - target: {fileID: 9218711249124627884, guid: 2a4ce98b11c771442888bc9fcc1810a9,
        type: 3}
      propertyPath: m_Name
      value: Bottom
      objectReference: {fileID: 0}
    m_RemovedComponents: []
  m_SourcePrefab: {fileID: 100100000, guid: 2a4ce98b11c771442888bc9fcc1810a9, type: 3}
--- !u!224 &9196790243843403196 stripped
RectTransform:
  m_CorrespondingSourceObject: {fileID: 5721566683363944926, guid: 2a4ce98b11c771442888bc9fcc1810a9,
    type: 3}
  m_PrefabInstance: {fileID: 3514644536377623650}
  m_PrefabAsset: {fileID: 0}
--- !u!1001 &3514644537315477937
PrefabInstance:
  m_ObjectHideFlags: 0
  serializedVersion: 2
  m_Modification:
    m_TransformParent: {fileID: 3514644537974175923}
    m_Modifications:
    - target: {fileID: 5721566683363944926, guid: 2a4ce98b11c771442888bc9fcc1810a9,
        type: 3}
      propertyPath: m_Pivot.x
      value: 0.5
      objectReference: {fileID: 0}
    - target: {fileID: 5721566683363944926, guid: 2a4ce98b11c771442888bc9fcc1810a9,
        type: 3}
      propertyPath: m_Pivot.y
      value: 1
      objectReference: {fileID: 0}
    - target: {fileID: 5721566683363944926, guid: 2a4ce98b11c771442888bc9fcc1810a9,
        type: 3}
      propertyPath: m_RootOrder
      value: 2
      objectReference: {fileID: 0}
    - target: {fileID: 5721566683363944926, guid: 2a4ce98b11c771442888bc9fcc1810a9,
        type: 3}
      propertyPath: m_AnchorMax.x
      value: 1
      objectReference: {fileID: 0}
    - target: {fileID: 5721566683363944926, guid: 2a4ce98b11c771442888bc9fcc1810a9,
        type: 3}
      propertyPath: m_AnchorMax.y
      value: 1
      objectReference: {fileID: 0}
    - target: {fileID: 5721566683363944926, guid: 2a4ce98b11c771442888bc9fcc1810a9,
        type: 3}
      propertyPath: m_AnchorMin.x
      value: 0
      objectReference: {fileID: 0}
    - target: {fileID: 5721566683363944926, guid: 2a4ce98b11c771442888bc9fcc1810a9,
        type: 3}
      propertyPath: m_AnchorMin.y
      value: 1
      objectReference: {fileID: 0}
    - target: {fileID: 5721566683363944926, guid: 2a4ce98b11c771442888bc9fcc1810a9,
        type: 3}
      propertyPath: m_SizeDelta.x
      value: 4
      objectReference: {fileID: 0}
    - target: {fileID: 5721566683363944926, guid: 2a4ce98b11c771442888bc9fcc1810a9,
        type: 3}
      propertyPath: m_SizeDelta.y
      value: 2
      objectReference: {fileID: 0}
    - target: {fileID: 5721566683363944926, guid: 2a4ce98b11c771442888bc9fcc1810a9,
        type: 3}
      propertyPath: m_LocalPosition.x
      value: 0
      objectReference: {fileID: 0}
    - target: {fileID: 5721566683363944926, guid: 2a4ce98b11c771442888bc9fcc1810a9,
        type: 3}
      propertyPath: m_LocalPosition.y
      value: 0
      objectReference: {fileID: 0}
    - target: {fileID: 5721566683363944926, guid: 2a4ce98b11c771442888bc9fcc1810a9,
        type: 3}
      propertyPath: m_LocalPosition.z
      value: 0
      objectReference: {fileID: 0}
    - target: {fileID: 5721566683363944926, guid: 2a4ce98b11c771442888bc9fcc1810a9,
        type: 3}
      propertyPath: m_LocalRotation.w
      value: 1
      objectReference: {fileID: 0}
    - target: {fileID: 5721566683363944926, guid: 2a4ce98b11c771442888bc9fcc1810a9,
        type: 3}
      propertyPath: m_LocalRotation.x
      value: -0
      objectReference: {fileID: 0}
    - target: {fileID: 5721566683363944926, guid: 2a4ce98b11c771442888bc9fcc1810a9,
        type: 3}
      propertyPath: m_LocalRotation.y
      value: -0
      objectReference: {fileID: 0}
    - target: {fileID: 5721566683363944926, guid: 2a4ce98b11c771442888bc9fcc1810a9,
        type: 3}
      propertyPath: m_LocalRotation.z
      value: -0
      objectReference: {fileID: 0}
    - target: {fileID: 5721566683363944926, guid: 2a4ce98b11c771442888bc9fcc1810a9,
        type: 3}
      propertyPath: m_AnchoredPosition.x
      value: 0
      objectReference: {fileID: 0}
    - target: {fileID: 5721566683363944926, guid: 2a4ce98b11c771442888bc9fcc1810a9,
        type: 3}
      propertyPath: m_AnchoredPosition.y
      value: 2
      objectReference: {fileID: 0}
    - target: {fileID: 5721566683363944926, guid: 2a4ce98b11c771442888bc9fcc1810a9,
        type: 3}
      propertyPath: m_LocalEulerAnglesHint.x
      value: 0
      objectReference: {fileID: 0}
    - target: {fileID: 5721566683363944926, guid: 2a4ce98b11c771442888bc9fcc1810a9,
        type: 3}
      propertyPath: m_LocalEulerAnglesHint.y
      value: 0
      objectReference: {fileID: 0}
    - target: {fileID: 5721566683363944926, guid: 2a4ce98b11c771442888bc9fcc1810a9,
        type: 3}
      propertyPath: m_LocalEulerAnglesHint.z
      value: 0
      objectReference: {fileID: 0}
    - target: {fileID: 9218711249124627884, guid: 2a4ce98b11c771442888bc9fcc1810a9,
        type: 3}
      propertyPath: m_Name
      value: Top
      objectReference: {fileID: 0}
    m_RemovedComponents: []
  m_SourcePrefab: {fileID: 100100000, guid: 2a4ce98b11c771442888bc9fcc1810a9, type: 3}
--- !u!224 &9196790245065678959 stripped
RectTransform:
  m_CorrespondingSourceObject: {fileID: 5721566683363944926, guid: 2a4ce98b11c771442888bc9fcc1810a9,
    type: 3}
  m_PrefabInstance: {fileID: 3514644537315477937}
  m_PrefabAsset: {fileID: 0}
--- !u!1001 &3514644537317910890
PrefabInstance:
  m_ObjectHideFlags: 0
  serializedVersion: 2
  m_Modification:
    m_TransformParent: {fileID: 3514644537974175923}
    m_Modifications:
    - target: {fileID: 5721566683363944926, guid: 2a4ce98b11c771442888bc9fcc1810a9,
        type: 3}
      propertyPath: m_Pivot.x
      value: 1
      objectReference: {fileID: 0}
    - target: {fileID: 5721566683363944926, guid: 2a4ce98b11c771442888bc9fcc1810a9,
        type: 3}
      propertyPath: m_Pivot.y
      value: 0.5
      objectReference: {fileID: 0}
    - target: {fileID: 5721566683363944926, guid: 2a4ce98b11c771442888bc9fcc1810a9,
        type: 3}
      propertyPath: m_RootOrder
      value: 0
      objectReference: {fileID: 0}
    - target: {fileID: 5721566683363944926, guid: 2a4ce98b11c771442888bc9fcc1810a9,
        type: 3}
      propertyPath: m_AnchorMax.x
      value: 0
      objectReference: {fileID: 0}
    - target: {fileID: 5721566683363944926, guid: 2a4ce98b11c771442888bc9fcc1810a9,
        type: 3}
      propertyPath: m_AnchorMax.y
      value: 1
      objectReference: {fileID: 0}
    - target: {fileID: 5721566683363944926, guid: 2a4ce98b11c771442888bc9fcc1810a9,
        type: 3}
      propertyPath: m_AnchorMin.x
      value: 0
      objectReference: {fileID: 0}
    - target: {fileID: 5721566683363944926, guid: 2a4ce98b11c771442888bc9fcc1810a9,
        type: 3}
      propertyPath: m_AnchorMin.y
      value: 0
      objectReference: {fileID: 0}
    - target: {fileID: 5721566683363944926, guid: 2a4ce98b11c771442888bc9fcc1810a9,
        type: 3}
      propertyPath: m_SizeDelta.x
      value: 2
      objectReference: {fileID: 0}
    - target: {fileID: 5721566683363944926, guid: 2a4ce98b11c771442888bc9fcc1810a9,
        type: 3}
      propertyPath: m_SizeDelta.y
      value: 0
      objectReference: {fileID: 0}
    - target: {fileID: 5721566683363944926, guid: 2a4ce98b11c771442888bc9fcc1810a9,
        type: 3}
      propertyPath: m_LocalPosition.x
      value: 0
      objectReference: {fileID: 0}
    - target: {fileID: 5721566683363944926, guid: 2a4ce98b11c771442888bc9fcc1810a9,
        type: 3}
      propertyPath: m_LocalPosition.y
      value: 0
      objectReference: {fileID: 0}
    - target: {fileID: 5721566683363944926, guid: 2a4ce98b11c771442888bc9fcc1810a9,
        type: 3}
      propertyPath: m_LocalPosition.z
      value: 0
      objectReference: {fileID: 0}
    - target: {fileID: 5721566683363944926, guid: 2a4ce98b11c771442888bc9fcc1810a9,
        type: 3}
      propertyPath: m_LocalRotation.w
      value: 1
      objectReference: {fileID: 0}
    - target: {fileID: 5721566683363944926, guid: 2a4ce98b11c771442888bc9fcc1810a9,
        type: 3}
      propertyPath: m_LocalRotation.x
      value: -0
      objectReference: {fileID: 0}
    - target: {fileID: 5721566683363944926, guid: 2a4ce98b11c771442888bc9fcc1810a9,
        type: 3}
      propertyPath: m_LocalRotation.y
      value: -0
      objectReference: {fileID: 0}
    - target: {fileID: 5721566683363944926, guid: 2a4ce98b11c771442888bc9fcc1810a9,
        type: 3}
      propertyPath: m_LocalRotation.z
      value: -0
      objectReference: {fileID: 0}
    - target: {fileID: 5721566683363944926, guid: 2a4ce98b11c771442888bc9fcc1810a9,
        type: 3}
      propertyPath: m_AnchoredPosition.x
      value: 0
      objectReference: {fileID: 0}
    - target: {fileID: 5721566683363944926, guid: 2a4ce98b11c771442888bc9fcc1810a9,
        type: 3}
      propertyPath: m_AnchoredPosition.y
      value: 0
      objectReference: {fileID: 0}
    - target: {fileID: 5721566683363944926, guid: 2a4ce98b11c771442888bc9fcc1810a9,
        type: 3}
      propertyPath: m_LocalEulerAnglesHint.x
      value: 0
      objectReference: {fileID: 0}
    - target: {fileID: 5721566683363944926, guid: 2a4ce98b11c771442888bc9fcc1810a9,
        type: 3}
      propertyPath: m_LocalEulerAnglesHint.y
      value: 0
      objectReference: {fileID: 0}
    - target: {fileID: 5721566683363944926, guid: 2a4ce98b11c771442888bc9fcc1810a9,
        type: 3}
      propertyPath: m_LocalEulerAnglesHint.z
      value: 0
      objectReference: {fileID: 0}
    - target: {fileID: 9218711249124627884, guid: 2a4ce98b11c771442888bc9fcc1810a9,
        type: 3}
      propertyPath: m_Name
      value: Left
      objectReference: {fileID: 0}
    m_RemovedComponents: []
  m_SourcePrefab: {fileID: 100100000, guid: 2a4ce98b11c771442888bc9fcc1810a9, type: 3}
--- !u!224 &9196790245050794164 stripped
RectTransform:
  m_CorrespondingSourceObject: {fileID: 5721566683363944926, guid: 2a4ce98b11c771442888bc9fcc1810a9,
    type: 3}
  m_PrefabInstance: {fileID: 3514644537317910890}
  m_PrefabAsset: {fileID: 0}
--- !u!1001 &3514644537573370968
PrefabInstance:
  m_ObjectHideFlags: 0
  serializedVersion: 2
  m_Modification:
    m_TransformParent: {fileID: 3514644537974175923}
    m_Modifications:
    - target: {fileID: 5721566683363944926, guid: 2a4ce98b11c771442888bc9fcc1810a9,
        type: 3}
      propertyPath: m_Pivot.x
      value: 1
      objectReference: {fileID: 0}
    - target: {fileID: 5721566683363944926, guid: 2a4ce98b11c771442888bc9fcc1810a9,
        type: 3}
      propertyPath: m_Pivot.y
      value: 0.5
      objectReference: {fileID: 0}
    - target: {fileID: 5721566683363944926, guid: 2a4ce98b11c771442888bc9fcc1810a9,
        type: 3}
      propertyPath: m_RootOrder
      value: 1
      objectReference: {fileID: 0}
    - target: {fileID: 5721566683363944926, guid: 2a4ce98b11c771442888bc9fcc1810a9,
        type: 3}
      propertyPath: m_AnchorMax.x
      value: 1
      objectReference: {fileID: 0}
    - target: {fileID: 5721566683363944926, guid: 2a4ce98b11c771442888bc9fcc1810a9,
        type: 3}
      propertyPath: m_AnchorMax.y
      value: 1
      objectReference: {fileID: 0}
    - target: {fileID: 5721566683363944926, guid: 2a4ce98b11c771442888bc9fcc1810a9,
        type: 3}
      propertyPath: m_AnchorMin.x
      value: 1
      objectReference: {fileID: 0}
    - target: {fileID: 5721566683363944926, guid: 2a4ce98b11c771442888bc9fcc1810a9,
        type: 3}
      propertyPath: m_AnchorMin.y
      value: 0
      objectReference: {fileID: 0}
    - target: {fileID: 5721566683363944926, guid: 2a4ce98b11c771442888bc9fcc1810a9,
        type: 3}
      propertyPath: m_SizeDelta.x
      value: 2
      objectReference: {fileID: 0}
    - target: {fileID: 5721566683363944926, guid: 2a4ce98b11c771442888bc9fcc1810a9,
        type: 3}
      propertyPath: m_SizeDelta.y
      value: 0
      objectReference: {fileID: 0}
    - target: {fileID: 5721566683363944926, guid: 2a4ce98b11c771442888bc9fcc1810a9,
        type: 3}
      propertyPath: m_LocalPosition.x
      value: 0
      objectReference: {fileID: 0}
    - target: {fileID: 5721566683363944926, guid: 2a4ce98b11c771442888bc9fcc1810a9,
        type: 3}
      propertyPath: m_LocalPosition.y
      value: 0
      objectReference: {fileID: 0}
    - target: {fileID: 5721566683363944926, guid: 2a4ce98b11c771442888bc9fcc1810a9,
        type: 3}
      propertyPath: m_LocalPosition.z
      value: 0
      objectReference: {fileID: 0}
    - target: {fileID: 5721566683363944926, guid: 2a4ce98b11c771442888bc9fcc1810a9,
        type: 3}
      propertyPath: m_LocalRotation.w
      value: 1
      objectReference: {fileID: 0}
    - target: {fileID: 5721566683363944926, guid: 2a4ce98b11c771442888bc9fcc1810a9,
        type: 3}
      propertyPath: m_LocalRotation.x
      value: -0
      objectReference: {fileID: 0}
    - target: {fileID: 5721566683363944926, guid: 2a4ce98b11c771442888bc9fcc1810a9,
        type: 3}
      propertyPath: m_LocalRotation.y
      value: -0
      objectReference: {fileID: 0}
    - target: {fileID: 5721566683363944926, guid: 2a4ce98b11c771442888bc9fcc1810a9,
        type: 3}
      propertyPath: m_LocalRotation.z
      value: -0
      objectReference: {fileID: 0}
    - target: {fileID: 5721566683363944926, guid: 2a4ce98b11c771442888bc9fcc1810a9,
        type: 3}
      propertyPath: m_AnchoredPosition.x
      value: 2
      objectReference: {fileID: 0}
    - target: {fileID: 5721566683363944926, guid: 2a4ce98b11c771442888bc9fcc1810a9,
        type: 3}
      propertyPath: m_AnchoredPosition.y
      value: 0
      objectReference: {fileID: 0}
    - target: {fileID: 5721566683363944926, guid: 2a4ce98b11c771442888bc9fcc1810a9,
        type: 3}
      propertyPath: m_LocalEulerAnglesHint.x
      value: 0
      objectReference: {fileID: 0}
    - target: {fileID: 5721566683363944926, guid: 2a4ce98b11c771442888bc9fcc1810a9,
        type: 3}
      propertyPath: m_LocalEulerAnglesHint.y
      value: 0
      objectReference: {fileID: 0}
    - target: {fileID: 5721566683363944926, guid: 2a4ce98b11c771442888bc9fcc1810a9,
        type: 3}
      propertyPath: m_LocalEulerAnglesHint.z
      value: 0
      objectReference: {fileID: 0}
    - target: {fileID: 9218711249124627884, guid: 2a4ce98b11c771442888bc9fcc1810a9,
        type: 3}
      propertyPath: m_Name
      value: Right
      objectReference: {fileID: 0}
    m_RemovedComponents: []
  m_SourcePrefab: {fileID: 100100000, guid: 2a4ce98b11c771442888bc9fcc1810a9, type: 3}
--- !u!224 &9196790245843912070 stripped
RectTransform:
  m_CorrespondingSourceObject: {fileID: 5721566683363944926, guid: 2a4ce98b11c771442888bc9fcc1810a9,
    type: 3}
  m_PrefabInstance: {fileID: 3514644537573370968}
  m_PrefabAsset: {fileID: 0}
